cohdb
Replays
Latest Replays
All Replays
Popular Replays
Top Player Replays
Match Explorer
How It Works
Community
CoH3 Stats
Reddit
Sign in to upload your games and track your stats! →
Sign in with Steam
Match 32546306
Unlisted
Match 32546306
Overview
Messages
Build Orders
End
Pioneer Squad
Construct Infanterie Kompanie
Selects Breakthrough Battlegroup
Selects Assault Grenadiers
Grenadier Squad
Grenadier Squad
Grenadier Squad
MG 42 Machine Gun Team
Construct Luftwaffe Kompanie
Selects Breakthrough
Jäger Squad
Infanterie Officer Quarters
Flak 30 Anti-aircraft Gun Team
Selects Rapid Production
Selects Incendiary Bombing Run
Jäger Squad
Construct Panzer Kompanie
Panzer IV Medium Tank
Side Skirts
el campo
Доктор Гувер[POINTRUNNER]
MaXiS
HIXAZE
Kidnappings
Drach42
JOSEPH
tanaysolanki1605
0
0
Comments
sign in to comment!
No comments posted yet!